 Dungeon Crawl Stone Soup version 0.19.1-1-g22dce08 (webtiles) character file.

3601 Alarkh the Grappler (level 9, 48/89 HPs)
             Began as a Troll Monk on Jan 4, 2017.
             Was a Priest of Okawaru.
             Quit the game on level 8 of the Dungeon.
             The game lasted 00:09:57 (6282 turns).

Alarkh the Grappler (Troll Monk)                    Turns: 6282, Time: 00:09:59

Health: 48/89      AC:  7    Str: 21    XL:     9   Next: 85%
Magic:  8/8        EV: 12    Int:  9    God:    Okawaru [***...]
Gold:   415        SH:  0    Dex: 12    Spells: 0 memorised, 8 levels left

rFire  . . .     SeeInvis .       - Unarmed
rCold  . . .     Gourm    +     a - +1 robe
rNeg   . . .     Faith    .     (no shield)
rPois  .         Spirit   .     (helmet restricted)
rElec  .         Reflect  .     k - +0 cloak
rCorr  .         Harm     .     (gloves unavailable)
MR     .....                    (boots unavailable)
Stlth  ++........               (no amulet)
                                (no ring)
                                (no ring)

@: no status effects
A: unfitting armour, claws 3, fast metabolism 3, gourmand, regeneration 1,
shaggy fur 1, tough skin 2
a: Heroism, Renounce Religion


You were on level 8 of the Dungeon.
You worshipped Okawaru.
Okawaru was most pleased with you.
You were completely stuffed.

You visited 2 branches of the dungeon, and saw 9 of its levels.

You collected 415 gold pieces.

Inventory:

Armour
 a - a +1 robe (worn)
 k - a +0 cloak (worn)
Magical Staves
 m - an uncursed staff of air
Rods
 b - a +1 rod of inaccuracy (14/14)
   (You found it on level 7 of the Dungeon)
Jewellery
 o - an uncursed ring of resist corrosion
Wands
 j - a wand of paralysis (9/24)
 n - a wand of iceblast (6/15)
 w - a wand of flame (13/48)
Scrolls
 e - a scroll of identify
 g - 6 scrolls of remove curse
 r - a scroll of magic mapping
 s - a scroll of brand weapon {unknown}
 u - a scroll of recharging {unknown}
 v - 2 scrolls of teleportation {unknown}
 x - a scroll of fear
Potions
 c - a potion of brilliance
 h - a potion of might
 i - 3 potions of curing
 l - 3 potions of cure mutation
 p - a potion of magic
 z - 2 potions of agility {unknown}
 A - a potion of heal wounds {unknown}
 C - a potion of berserk rage {unknown}
Books
 y - a book of Clouds

   Spells                             Type                      Level
   a - Mephitic Cloud                 Conjuration/Poison/Air       3
   b - Conjure Flame                  Conjuration/Fire             3
   c - Poisonous Cloud                Conjuration/Poison/Air       6
   d - Freezing Cloud                 Conjuration/Ice/Air          6
   e - Ring of Flames                 Charms/Fire                  7
Comestibles
 d - 7 fruits
 f - 2 royal jellies
 q - 6 bread rations
 t - a beef jerky
 B - 3 chunks of flesh


   Skills:
 + Level 6.2 Fighting
 + Level 3.5 Armour
 + Level 6.2 Dodging
 - Level 1.0 Stealth
 * Level 9.8 Unarmed Combat


You had 8 spell levels left.
You didn't know any spells.

Dungeon Overview and Level Annotations

Branches:
Dungeon (8/15)             Temple (1/1) D:4
   Lair: D:8-11

Altars:
Ashenzari
Cheibriados
Dithmenos
Fedhas
Gozag
Hepliaklqana
Kikubaaqudgha
Makhleb
Nemelex Xobeh
Okawaru
Qazlal
Ru
Sif Muna
Trog
Uskayaw
Yredelemnul
Zin

Shops:
D:4 *


Innate Abilities, Weirdness & Mutations

You are too large for most types of armour.
You have claws for hands.
Your metabolism is lightning-fast.
You like to eat raw meat.
Your natural rate of healing is unusually fast.
You are covered in fur. (AC +1)
You have very tough skin. (AC +2)


Message History

You claw the orc!
You kill the orc!
Okawaru accepts your kill.
You barely miss the orc priest. You scratch the orc priest.
The orc priest is lightly wounded.
The orc priest calls down the wrath of Beogh upon you.
Beogh smites you!
You closely miss the orc priest.
The orc priest is lightly wounded.
The orc priest hits you but does no damage.
You claw the orc priest!
The orc priest is severely wounded.
The orc priest hits you but does no damage.
You claw the orc priest!
You kill the orc priest!
Okawaru accepts your kill.
Things that are here:
a dagger; an orc corpse Are you sure you want to abandon this character and quit the game? (Confirm with "yes".)

#.....).....# #.#
#.##.###.#### #.#
*,*#.###..#* #.#
**,*#..###..#* #[#
,,,*##.##*#..# #/#
,*** #..# *#.#*#)#
,* ##.# *..##.# **
#.# ##.#..## #.##
#....@.# #..#
#.....?# ##.#
#......# ### #.#
#......# ..###
#.##########
#..>####..###******
###...#.....#.,,,,**
###...........,,,**
#...........,,,,*


There were no monsters in sight!

Vanquished Creatures
  The ghost of Exporg the Spear-Bearer, a novice MiBe of Trog (D:7)
  The ghost of Quirk the Chopper, a novice MiFi of Okawaru (D:5)
  Prince Ribbit (D:6)
  Grinder (D:5)
  Eustachio (D:5)
  A human (D:2)
  Menkaure (D:4)
  A phantom (D:6)
  A black bear (D:6)
  An orc warrior (D:6)
  An ice beast (D:6)
  A sky beast (D:8)
  2 ogres
  A centaur (D:7)
  A bullfrog (D:7)
  3 killer bees (D:7)
  2 howler monkeys (D:8)
  2 crimson imps
  2 jellies (D:7)
  A quasit (D:6)
  A bullfrog skeleton (D:8)
  A bullfrog zombie (D:7)
  7 orc priests
  A hound (D:5)
  5 orc wizards
  Ijyb (D:4)
  2 worker ants
  A hound zombie (D:7)
  4 gnolls (D:6)
  6 adders
  3 shadow imps
  3 adder skeletons
  2 worms
  A dart slug (D:1)
  6 leopard geckos
  26 orcs
  5 giant cockroaches
  12 goblins
  3 hobgoblins
  12 jackals
  5 kobolds
  A quokka (D:7)
  2 ball pythons
  6 bats
  A frilled lizard (D:2)
  2 kobold zombies (D:2)
  2 leopard gecko skeletons
  7 rats
154 creatures vanquished.

Notes
Turn   | Place    | Note
-------+----------+-------------------------------------------
     0 | D:1      | Alarkh the Troll Monk began the quest for the Orb.
     0 | D:1      | Reached XP level 1. HP: 22/22 MP: 0/0
   236 | D:1      | Reached XP level 2. HP: 23/29 MP: 1/1
   683 | D:2      | Reached XP level 3. HP: 30/36 MP: 2/2
  1017 | D:2      | Found a runed door.
  1017 | D:2      | Noticed a human
  1020 | D:2      | Found a basalt altar of Yredelemnul.
  1092 | D:2      | Killed a human
  1092 | D:2      | Reached skill level 4 in Unarmed Combat
  1092 | D:2      | Reached XP level 4. HP: 23/45 MP: 3/3
  1092 | D:2      | Reached XP level 5. HP: 27/53 MP: 4/4
  1918 | D:4      | Found a staircase to the Ecumenical Temple.
  1934 | D:4      | Noticed Menkaure
  1947 | Temple   | Entered the Ecumenical Temple
  2006 | D:4      | Killed Menkaure
  2006 | D:4      | Reached skill level 5 in Unarmed Combat
  2006 | D:4      | Reached XP level 6. HP: 42/62 MP: 5/5
  2066 | D:4      | Found an opulent altar of Gozag.
  2079 | D:4      | Found Gozag's Platinum Reserve.
  3061 | D:4      | Noticed Ijyb
  3066 | D:4      | Killed Ijyb
  3068 | D:4      | Reached XP level 7. HP: 67/70 MP: 6/6
  3382 | D:5      | Entered Level 5 of the Dungeon
  3382 | D:5      | Noticed Grinder
  3399 | D:5      | Paralysed by Grinder for 2 turns
  3408 | D:5      | Noticed Quirk's ghost (novice MiFi)
  3408 | D:5      | Killed Grinder
  3408 | D:5      | Reached skill level 6 in Unarmed Combat
  3486 | D:5      | Killed Quirk's ghost
  3486 | D:5      | Reached skill level 7 in Unarmed Combat
  3486 | D:5      | Reached XP level 8. HP: 46/79 MP: 7/7
  3564 | D:5      | Noticed Eustachio
  3583 | D:5      | Killed Eustachio
  3816 | D:5      | Found a sacrificial altar of Ru.
  4017 | D:6      | Reached skill level 5 in Fighting
  4017 | D:6      | Reached skill level 1 in Armour
  4017 | D:6      | Reached skill level 5 in Dodging
  4198 | D:6      | Reached skill level 8 in Unarmed Combat
  4297 | D:6      | Found a sparkling altar of Nemelex Xobeh.
  4450 | D:6      | Found an iron altar of Okawaru.
  4461 | D:6      | Became a worshipper of Warmaster Okawaru
  4461 | D:6      | Reached * piety under Okawaru
  4461 | D:6      | Reached ** piety under Okawaru
  4554 | D:6      | Noticed Prince Ribbit
  4565 | D:6      | Killed Prince Ribbit
  4565 | D:6      | Reached XP level 9. HP: 88/88 MP: 8/8
  4973 | D:7      | You fall through a shaft!
  5099 | D:7      | Reached skill level 9 in Unarmed Combat
  5336 | D:7      | Noticed Exporg's ghost (novice MiBe)
  5670 | D:7      | Killed Exporg's ghost
  5847 | D:7      | HP: 4/89 [poisoned by a killer bee]
  5852 | D:7      | HP: 3/89 [poisoned by a killer bee]
  5857 | D:7      | HP: 3/89 [poisoned by a killer bee]
  5863 | D:7      | HP: 4/89 [poisoned by a killer bee]
  6010 | D:7      | Identified a +1 rod of inaccuracy (14/14) (You found it on level 7 of the Dungeon)
  6202 | D:8      | Reached *** piety under Okawaru
  6282 | D:8      | Quit the game

Skill      XL: |  1  2  3  4  5  6  7  8  9 |
---------------+----------------------------+-----
Fighting       | 3 4 5 6 |  6.2
Dodging        | 3 4 5 6 |  6.2
Unarmed Combat | 4 5 7 8 9 |  9.8
Armour         | 2 3 |  3.5
Stealth        | |  1.0

Action                   |  1- 3 |  4- 6 |  7- 9 || total
-------------------------+-------+-------+-------++-------
Melee: Unarmed           |   103 |   112 |   352 ||   567
       Punch             |       |     1 |    11 ||    12
Invok: Heroism           |       |       |     1 ||     1
  Use: Scroll            |     1 |     7 |     3 ||    11
       Potion            |       |       |     1 ||     1
 Stab: Sleeping          |     2 |     2 |     1 ||     5
       Confused          |       |       |     1 ||     1
  Eat: Chunk             |    15 |    18 |    30 ||    63
Armor: Robe              |    42 |    34 |    93 ||   169
       Skin              |       |       |     3 ||     3
Dodge: Dodged            |    50 |    41 |   190 ||   281
